 Dungeon Crawl Stone Soup version 0.21.1 (webtiles) character file.

10543 Monsterracer the Basher (level 11, -6/94 HPs)
             Began as a White Draconian Necromancer on Feb 2, 2018.
             Was an Elder of Cheibriados.
             Mangled by a spiny frog (26 damage)
             ... on level 2 of the Lair of Beasts.
             The game lasted 00:23:30 (13219 turns).

Monsterracer the Basher (DrNe)                     Turns: 13219, Time: 00:23:31

Health: -6/94      AC: 10    Str: 20    XL:     11   Next: 37%
Magic:  2/15       EV: 18    Int: 28    God:    Cheibriados [****..]
Gold:   546        SH:  0    Dex: 23    Spells: 3/15 levels left

rFire    . . .     SeeInvis +   b - +3 flail (protect)
rCold    + . .     Gourm    .   (no shield)
rNeg     + . .     Faith    .   (armour unavailable)
rPois    .         Spirit   .   (helmet restricted)
rElec    .         Reflect  .   w - +1 cloak
rCorr    .         Harm     .   y - +0 pair of gloves
MR       .....                  (no boots)
Stlth    +++.......             u - amulet of magic regeneration
HPRegen  1.25/turn              p - ring of see invisible
MPRegen  0.39/turn              s - ring of positive energy {!d}

@: lethally poisoned (-6 -> -6), regenerating (expiring), very slow
A: breathe frost, unfitting armour, cold resistance 1, cold-blooded, AC +7
a: Breathe Frost, Bend Time, Temporal Distortion, Slouch, Renounce Religion


You were on level 2 of the Lair of Beasts.
You worshipped Cheibriados.
Cheibriados was greatly pleased with you.
You were not hungry.

You visited 2 branches of the dungeon, and saw 12 of its levels.
You also visited: Sewer.

You collected 546 gold pieces.

Inventory:

Hand Weapons
 b - a +3 flail of protection (weapon)
 B - a +2 flail of venom
Missiles
 m - 2 throwing nets (quivered)
Armour
 w - a +1 cloak (worn)
 y - a +0 pair of gloves (worn)
 z - the +10 shield "Hivah" {Dex+2 Slay+3}
   (You found it on level 2 of the Lair of Beasts)

   It affects your dexterity (+2).
   It affects your accuracy and damage with ranged weapons and melee attacks
   (+3).
Jewellery
 p - a ring of see invisible (left hand)
 s - a ring of positive energy (right hand) {!d}
 u - an amulet of magic regeneration (around neck)
 v - an uncursed ring of stealth
 K - an uncursed amulet of faith {unknown}
Wands
 t - a wand of digging (11)
 D - a wand of disintegration (8)
 E - a wand of enslavement (13)
 H - a wand of polymorph (13)
 J - a wand of acid (4)
Scrolls
 d - 3 scrolls of remove curse
 g - 2 scrolls of magic mapping {!r}
 h - 4 scrolls of teleportation
 r - 2 scrolls of enchant weapon
 x - 3 scrolls of identify
 C - a scroll of fog
Potions
 e - a potion of invisibility
 f - 2 potions of brilliance
 i - 2 potions of cancellation
 j - a potion of ambrosia {!q}
 k - 6 potions of heal wounds
 l - 4 potions of might
 n - 5 potions of curing
 o - a potion of resistance
 q - 4 potions of flight
 F - a potion of magic
 G - a potion of mutation {!q}
Books
 a - a book of Necromancy

   Spells                             Type                      Level
   a - Pain                           Necromancy                   1
   b - Animate Skeleton               Necromancy                   1
   c - Vampiric Draining              Necromancy                   3
   d - Regeneration                   Charms/Necromancy            3
   e - Animate Dead                   Necromancy                   4
   f - Borgnjor's Vile Clutch         Necromancy/Earth             5
 A - Sif Muna's Disquisition on Dark Damage Dealing
   (You found it on level 8 of the Dungeon)

   Spells                             Type                      Level
   a - Throw Flame                    Conjuration/Fire             2
   b - Searing Ray                    Conjuration                  2
   c - Lightning Bolt                 Conjuration/Air              5
   d - Borgnjor's Vile Clutch         Necromancy/Earth             5
   e - Simulacrum                     Ice/Necromancy               6
Comestibles
 c - 14 rations
 I - 6 chunks of flesh


   Skills:
 - Level 8.2 Fighting
 - Level 10.5 Maces & Flails
 - Level 6.5 Dodging
 - Level 4.2 Stealth
 + Level 3.5 Shields
 - Level 2.5 Spellcasting
 - Level 8.3 Necromancy
 - Level 5.3 Invocations


You had 3 spell levels left.
You knew the following spells:

 Your Spells              Type           Power        Failure   Level  Hunger
a - Pain                  Necr           ####         1%          1    None
c - Vampiric Draining     Necr           ######....   1%          3    ###....
d - Borgnjor's Vile Clut  Necr/Erth      ####......   41%         5    ######.
j - Regeneration          Chrm/Necr      ####......   4%          3    ###....


Dungeon Overview and Level Annotations

Branches:
Dungeon (10/15)            Temple (0/1) D:7            Lair (2/6) D:8
  Swamp: Lair:2-4    Shoals: Lair:2-4     Snake: Lair:2-4    Spider: Lair:2-4
    Orc: D:9-12

Altars:
Ashenzari
Cheibriados
Dithmenos
Makhleb
Qazlal
Ru
Sif Muna
Uskayaw
Xom
Zin

Annotations:
D:8 1 runed door


Innate Abilities, Weirdness & Mutations

You can breathe waves of freezing cold.
You can buffet flying creatures when you breathe cold.
Your icy white scales are hard. (AC +7)
You cannot fit into any form of body armour.
Your flesh is cold resistant. (rC+)
You are cold-blooded and may be slowed by cold attacks.


Message History

The porcupine is moderately wounded.
The porcupine bites you!
You take 12 damage, and have 81/94 hp.
Casting: Vampiric Draining
Confirm with . or Enter, or press ? or * to list all spells.
Your skin crawls.
The komodo dragon moves out of view.
The porcupine completely misses you.
A spiny frog comes into view.
You regained 2 hp, and now have 83/94 hp.
You now have 12/15 mp.
The spiny frog croaks.
You hit the porcupine.
Your weapon exudes an aura of protection.
The porcupine is heavily wounded.
The porcupine closely misses you.
You bludgeon the porcupine!!
You kill the porcupine!
Cheibriados thoroughly appreciates the change of pace.
The komodo dragon closely misses you.
A spiny frog comes into view.
You regained 2 hp, and now have 87/94 hp.
The spiny frog croaks.
You sock the komodo dragon! You tail-slap the komodo dragon.
The komodo dragon is moderately wounded.
The komodo dragon closely misses you.
You hit the komodo dragon but do no damage.
The komodo dragon is moderately wounded.
The komodo dragon bites you!!
You take 27 damage, and have 61/94 hp.
MASSIVE DAMAGE!!
Casting: Regeneration
Confirm with . or Enter, or press ? or * to list all spells.
Aiming: Vampiric Draining
Press: ? - help, Shift-Dir - straight line, f - spiny frog
Aim: a spiny frog The spiny frog is lightly wounded.
You feel life coursing into your body. The spiny frog barely misses you.
The komodo dragon barely misses you.
You regained 5 hp, and now have 66/94 hp.
You now have 12/15 mp.
Casting: Vampiric Draining
Confirm with . or Enter, or press ? or * to list all spells.
Aiming: Vampiric Draining
Press: ? - help, Shift-Dir - straight line, f - komodo dragon, p - spiny frog
Aim: a komodo dragon (moderately wounded)
The komodo dragon is heavily wounded.
You feel life coursing into your body.
Your skin is crawling a little less now.
The spiny frog stings you!! The komodo dragon bites you!
* * * LOW HITPOINT WARNING * * *
You take 19 damage, and have 47/94 hp.
MASSIVE DAMAGE!!
You now have 9/15 mp.
Casting: Vampiric Draining
Confirm with . or Enter, or press ? or * to list all spells.
Aiming: Vampiric Draining
Press: ? - help, Shift-Dir - straight line, f/p - komodo dragon
Aim: a komodo dragon (heavily wounded)
The komodo dragon is severely wounded.
You feel life coursing into your body. The spiny frog closely misses you.
The komodo dragon bites you but does no damage.
You regained 5 hp, and now have 52/94 hp.
You now have 6/15 mp.
Casting: Vampiric Draining
Confirm with . or Enter, or press ? or * to list all spells.
Aiming: Vampiric Draining
Press: ? - help, Shift-Dir - straight line, f/p - komodo dragon
Aim: a komodo dragon (severely wounded)
The komodo dragon is severely wounded.
You feel life coursing into your body. The spiny frog stings you!
* * * LOW HITPOINT WARNING * * *
The komodo dragon closely misses you. The spiny frog stings you!
* * * LOW HITPOINT WARNING * * *
You are poisoned.
The spiny frog poisons you!
You take 26 damage, and have 26/94 hp.
MASSIVE DAMAGE!!
You now have 4/15 mp.
Casting: Vampiric Draining
Confirm with . or Enter, or press ? or * to list all spells.
Aiming: Vampiric Draining
Press: ? - help, Shift-Dir - straight line, f/p - komodo dragon
Aim: a komodo dragon (severely wounded)
You kill the komodo dragon!
Cheibriados thoroughly appreciates the change of pace.
Your Shields skill increases to level 3!
You feel life coursing into your body.
You feel sick. The spiny frog stings you.
* * * LOW HITPOINT WARNING * * *
The spiny frog completely misses you.
You regained 5 hp, and now have 31/94 hp.
You now have 1/15 mp.
Unknown command.
Casting: Vampiric Draining
Confirm with . or Enter, or press ? or * to list all spells.
Okay, then.
Evoke which item? (* to show all) (? for menu, Esc to quit)
Aiming: Enslavement
Press: ? - help, Shift-Dir - straight line, f - spiny frog
Aim: a spiny frog (chance to defeat MR: 46%)
The spiny frog resists with some effort.
You feel sick. The spiny frog stings you!
* * * LOW HITPOINT WARNING * * *
The spiny frog stings you!!
You die...

#.#.#.....#........
#..##....##....##..
#..##....###....#..
#.####.#..##...###.
#..###.#####...####
#.#.##†####........
#..................
##..................
#..@F...............
#..†.F...#####...#..#
#...#.....##P#....##..
#...####.......+...##..
#.... #......#....##..
###.. #.#.....#...##..
#. .#....##.......
.#.........PP..
#.####........


You could see 2 spiny frogs.

Vanquished Creatures
  Erica (Lair:1)
  Psyche (D:9)
  3 spiny frogs
  3 komodo dragons
  A rime drake (Lair:1)
  A hippogriff (Lair:2)
  5 blink frogs (Lair:1)
  9 yaks (Lair:2)
  A vampire (D:9)
  A wyvern (Lair:1)
  A hungry ghost (D:8)
  3 water moccasins
  Edmund (D:5)
  5 porcupines
  An orc warrior (D:8)
  2 ice beasts
  A sky beast (D:6)
  A black bear (D:7)
  A necrophage (D:5)
  2 centaurs
  5 ogres
  2 phantoms
  A big kobold (Sewer)
  2 crocodiles
  7 bullfrogs
  A water moccasin zombie (D:3)
  4 scorpions
  3 wights (D:9)
  5 howler monkeys
  3 crimson imps
  A bullfrog zombie (D:7)
  A centaur zombie (D:9)
  2 hounds
  A centaur skeleton (D:4)
  7 orc wizards
  A gnoll shaman (D:6)
  An orc priest (D:9)
  2 jellies
  2 bullfrog skeletons
  Terence (D:2)
  4 iguanas
  8 worker ants
  13 gnolls
  14 adders
  A river rat (D:4)
  5 oozes
  An adder skeleton (D:5)
  An adder zombie (D:6)
  3 worms
  A dart slug (D:1)
  5 leopard geckos
  20 orcs
  5 ball pythons
  11 bats
  7 giant cockroaches
  7 goblins
  3 hobgoblins (D:1)
  4 jackals (D:1)
  16 kobolds
  3 quokkas
  3 frilled lizards
  A jackal skeleton (D:6)
  2 leopard gecko skeletons
  A quokka skeleton (D:7)
  9 rats
244 creatures vanquished.

Notes
Turn   | Place    | Note
-------+----------+-------------------------------------------
     0 | D:1      | Monsterracer the Draconian Necromancer began the quest for the Orb.
     0 | D:1      | Reached XP level 1. HP: 14/14 MP: 3/3
    66 | D:1      | Reached skill level 1 in Fighting
   148 | D:1      | Reached XP level 2. HP: 24/24 MP: 5/5
  1015 | D:2      | Reached XP level 3. HP: 31/31 MP: 6/6
  1126 | D:2      | Noticed Terence
  1134 | D:2      | HP: 15/31 [Terence/flail of protection (5)]
  1148 | D:2      | HP: 3/31 [Terence/flail of protection (12)]
  1188 | D:2      | Killed Terence
  1188 | D:2      | Reached skill level 1 in Maces & Flails
  1492 | D:2      | Reached XP level 4. HP: 38/38 MP: 7/7
  1531 | D:2      | Reached skill level 2 in Maces & Flails
  1542 | D:2      | Learned a level 3 spell: Vampiric Draining
  1546 | D:2      | Learned a level 3 spell: Regeneration
  2082 | D:3      | HP: 15/38 [gnoll/halberd (7)]
  2095 | D:3      | HP: 9/38 [gnoll/spear (7)]
  2337 | D:3      | HP: 18/38 [gnoll/halberd (6)]
  2770 | D:3      | Reached skill level 3 in Maces & Flails
  2937 | D:3      | Found a shadowy altar of Dithmenos.
  2940 | D:3      | Reached XP level 5. HP: 45/45 MP: 8/8
  3151 | D:3      | Found a hide-covered altar of Uskayaw.
  3194 | D:3      | Found a sacrificial altar of Ru.
  3490 | D:4      | Reached skill level 4 in Maces & Flails
  3500 | D:4      | HP: 17/45 [orc wizard/puff of flame (6)]
  3503 | D:4      | Reached XP level 6. HP: 13/51 MP: 5/9
  3953 | D:4      | Reached skill level 5 in Necromancy
  3953 | D:4      | Your scales start taking on an icy white colour.
  3953 | D:4      | Reached XP level 7. HP: 49/59 MP: 10/10
  3953 | D:4      | Gained mutation: Your flesh is cold resistant. (rC+) [White Draconian growth]
  4025 | D:4      | Reached skill level 5 in Maces & Flails
  4105 | D:4      | Found a glowing drain.
  4117 | Sewer    | Entered a sewer
  5300 | D:3      | Became a worshipper of Ru the Awakened
  5327 | D:5      | Entered Level 5 of the Dungeon
  5430 | D:5      | Found a snail-covered altar of Cheibriados.
  5459 | D:5      | Fell from the grace of Ru
  5459 | D:5      | Became a worshipper of Cheibriados the Contemplative
  5537 | D:5      | Reached skill level 6 in Maces & Flails
  5614 | D:5      | Reached XP level 8. HP: 64/67 MP: 8/11
  5790 | D:5      | Found a glowing silver altar of Zin.
  5790 | D:5      | Found a burning altar of Makhleb.
  5799 | D:5      | Noticed a blizzard demon
  5799 | D:5      | Noticed an angel
  5865 | D:5      | Reached skill level 5 in Fighting
  5963 | D:5      | Found a shattered altar of Ashenzari.
  6276 | D:5      | Noticed Edmund
  6289 | D:5      | Killed Edmund
  6463 | D:6      | Reached skill level 7 in Maces & Flails
  6467 | D:6      | Reached * piety under Cheibriados
  6502 | D:6      | HP: 29/68 [centaur/arrow (12)]
  6846 | D:6      | Found a burning altar of Makhleb.
  6951 | D:6      | HP: 32/69 [hound (6)]
  7470 | D:6      | Reached XP level 9. HP: 74/74 MP: 10/12
  7684 | D:6      | Learned a level 5 spell: Borgnjor's Vile Clutch
  8006 | D:7      | Reached skill level 1 in Invocations
  8081 | D:7      | Reached ** piety under Cheibriados
  8094 | D:7      | Reached skill level 8 in Maces & Flails
  8209 | D:7      | Found a staircase to the Ecumenical Temple.
  9025 | D:8      | Found a staircase to the Lair.
  9239 | D:8      | Found a stormy altar of Qazlal.
  9240 | D:8      | Found a deep blue altar of Sif Muna.
  9240 | D:8      | Found a shimmering altar of Xom.
  9241 | D:8      | Found a sacrificial altar of Ru.
  9374 | D:8      | Found a runed door.
  9374 | D:8      | Noticed a manticore
  9374 | D:8      | Noticed an orc knight
  9374 | D:8      | Noticed a queen bee
  9376 | D:8      | Noticed a yaktaur captain
  9376 | D:8      | Noticed a cyclops
  9376 | D:8      | Noticed a wolf spider
  9428 | D:8      | Reached skill level 5 in Dodging
  9429 | D:8      | Identified Sif Muna's Disquisition on Dark Damage Dealing
  9473 | D:8      | Paralysed by fainting for 5 turns
  9730 | D:8      | Reached *** piety under Cheibriados
 10008 | D:9      | HP: 38/77 [vampire/vampiric draining (4)]
 10015 | D:9      | HP: 31/77 [howler monkey (1)]
 10276 | D:9      | Reached skill level 9 in Maces & Flails
 10686 | D:9      | Reached XP level 10. HP: 81/85 MP: 8/13
 10782 | D:9      | Noticed Psyche
 10794 | D:9      | Killed Psyche
 11197 | D:10     | Entered Level 10 of the Dungeon
 11243 | Lair:1   | Entered Level 1 of the Lair of Beasts
 11428 | Lair:1   | Reached **** piety under Cheibriados
 11548 | Lair:1   | Noticed a spiny frog
 11562 | Lair:1   | Killed a spiny frog
 11728 | Lair:1   | Noticed Erica
 11754 | Lair:1   | HP: 39/87 [Erica/scimitar of flaming (6)]
 11755 | Lair:1   | HP: 15/87 [Erica/bolt of poison (27)]
 11757 | Lair:1   | Killed Erica
 11757 | Lair:1   | Reached skill level 10 in Maces & Flails
 11758 | Lair:1   | HP: 2/87 [rime drake/flash freeze (17)]
 11766 | Lair:1   | HP: 24/88 [rime drake (4)]
 11923 | Lair:1   | HP: 18/88 [komodo dragon (27)]
 12405 | Lair:2   | Reached skill level 5 in Invocations
 12405 | Lair:2   | Reached XP level 11. HP: 78/94 MP: 14/14
 12492 | Lair:2   | HP: 43/94 [yak (12)]
 13042 | Lair:2   | Got a faintly glowing shield
 13118 | Lair:2   | Identified the +10 shield "Hivah" {Dex+2 Slay+3} (You found it on level 2 of the Lair of Beasts)
 13179 | Lair:2   | Reached skill level 1 in Shields
 13215 | Lair:2   | HP: 47/94 [komodo dragon (7)]
 13219 | Lair:2   | HP: 20/94 [spiny frog (11)]
 13219 | Lair:2   | Mangled by a spiny frog

Skill      XL: |  1  2  3  4  5  6  7  8  9 10 11 |
---------------+----------------------------------+-----
Fighting       | 1 3 4 5 7 8 |  8.2
Maces & Flails | 1 3 4 6 7 9 10 | 10.5
Dodging        | 2 3 4 5 6 |  6.5
Necromancy     | 5 6 7 8 |  8.3
Invocations    | 3 5 |  5.3
Stealth        | 3 4 |  4.2
Shields        | 3 |  3.5
Spellcasting   | |  2.5

Action                   |  1- 3 |  4- 6 |  7- 9 | 10-12 || total
-------------------------+-------+-------+-------+-------++-------
Melee: Whip              |   100 |       |       |       ||   100
       Tailslap          |     3 |    14 |    72 |    45 ||   134
       Flail             |     3 |   152 |   533 |   189 ||   877
 Cast: Pain              |    13 |    28 |    63 |    54 ||   158
       Vampiric Draining |       |     2 |     5 |    30 ||    37
       Regeneration      |       |     5 |    10 |    14 ||    29
 Abil: Breathe Frost     |       |       |     1 |     1 ||     2
Evoke: Wand              |       |       |       |     1 ||     1
  Use: Scroll            |       |     8 |    16 |     3 ||    27
       Potion            |       |       |       |     3 ||     3
 Stab: Sleeping          |     1 |       |     7 |     2 ||    10
       Distracted        |       |     1 |       |       ||     1
  Eat: Chunk             |     2 |     9 |    19 |     8 ||    38
       Ration            |       |       |     1 |       ||     1
Armor: Skin              |    40 |    62 |   245 |    60 ||   407
Dodge: Dodged            |    86 |   106 |   437 |   157 ||   786

Vault maps used:
D:1:      dpeg_arrival_stonehenge_12_columns
D:2:      kennysheep_generic_room_3, uniq_terence
D:3:      old_standard_altar, nicolae_overflow_hidden_temple,
          hangedman_ru_absence
D:4:      portal_sewer_entry_e, first_ration, minmay_misc_feat_chi
D:5:      grunt_temple_overflow_order_and_chaos_2,
          nicolae_overflow_crystal_walls, ashenzari_altar_1, uniq_edmund
D:6:      basic_altar
D:7:      minmay_temple_entry_glass, serial_co_window_serial,
          co_window_corner_a, co_window_of_opportunity_a,
          co_window_of_opportunity_a, co_window_paths_a, co_window_paths_b,
          co_window_paths_b, co_window_corner_a, co_window_corner_b,
          co_window_cross_3, co_window_corner_b, glass_columns_b
D:8:      minmay_gate_of_8, minitemple, dpeg_oklobed_lair, serial_curves,
          eino_curves_02, eino_curves_03
D:9:      uniq_psyche
D:10:     orc_0_dummy, serial_shops, shop
Lair:1:   uniq_erica
Lair:2:   beast_lair_carwin_6
Sewer:    kennysheep_pipe_town
